 Dungeon Crawl Stone Soup version 0.28.0-45-g0d030f2227 (webtiles) character file.

Game seed: 12007521554885261495

506 pkoi the Twirler (level 6, -2/50 HPs)
             Began as a Demigod Gladiator on Apr 8, 2022.
             Slain by an ogre
             ... wielding a +0 giant spiked club
              (24 damage)
             ... on level 4 of the Dungeon.
             The game lasted 00:03:52 (4781 turns).

pkoi the Twirler (Demigod Gladiator)                Turns: 4781, Time: 00:03:53

Health: -2/50      AC:  4    Str: 22    XL:     6   Next: 64%
Magic:  8/8        EV: 13    Int: 14    God:
Gold:   234        SH:  0    Dex: 15    Spells: 5/5 levels left

rFire   . . .      SeeInvis .   a - +0 quarterstaff
rCold   . . .      Faith    .   (shield currently unavailable)
rNeg    . . .      Spirit   .   t - +1 robe "Honumu" {Str+3}
rPois   .          Reflect  .   c - +0 helmet
rElec   .          Harm     .   (no cloak)
rCorr   .          Rampage  .   (no gloves)
Will    .....                   (no boots)
Stlth   +.........              (no amulet)
HPRegen 0.16/turn               (no ring)
MPRegen 0.11/turn               (no ring)

@: no status effects
A: high MP 1, forlorn, divine attributes
a: no special abilities


You were on level 4 of the Dungeon.
You visited 1 branch of the dungeon, and saw 4 of its levels.

You collected 234 gold pieces.

Inventory:

Hand Weapons
 a - a +0 quarterstaff (weapon)
 p - a +0 whip of venom
 u - a +4 dagger
Missiles
 d - 3 throwing nets (quivered)
Armour
 b - a +0 leather armour
 c - a +0 helmet (worn)
 j - a +0 plate armour
 t - the +1 robe "Honumu" (worn) {Str+3}
   (You found it on level 4 of the Dungeon)

   Str:       It affects your strength (+3).
Scrolls
 e - 2 scrolls of vulnerability {unknown}
 f - 3 scrolls of amnesia {unknown}
 g - 3 scrolls of identify {unknown}
 h - a scroll of enchant armour {unknown}
 l - a scroll of fog {unknown}
 m - 2 scrolls of blinking {unknown}
 n - a scroll of noise {unknown}
 o - 2 scrolls of teleportation {unknown}
 r - a scroll of magic mapping {unknown}
 v - a scroll of acquirement {unknown}
 w - a scroll of fear {unknown}
Potions
 i - a potion of ambrosia
 k - a potion of flight
 q - a potion of heal wounds {unknown}
 s - a potion of curing {unknown}


   Skills:
 + Level 2.9 Fighting
 * Level 6.6 Staves
 - Level 1.7 Throwing
 - Level 1.0 Armour
 - Level 3.0 Dodging


You had 5 spell levels left.
You didn't know any spells.
Your spell library was empty.

Dungeon Overview and Level Annotations

Branches:
Dungeon (4/15)
 Temple: D:4-7

Shops:
D:3 (

Annotations:
D:3 2 transporters, Rudyous's ghost, amateur DrCK


Innate Abilities, Weirdness & Mutations

You have an increased reservoir of magic. (+10% MP)
You shall have no god before yourself.
Your divine heritage dramatically boosts your attributes as you level up.


Message History

The hound misses you.
You barely miss the hound.
The hound is heavily wounded.
The hound barely misses you. x2
You hit the hound but do no damage.
The hound is heavily wounded.
The hound misses you.
You sock the hound!
You kill the hound!
You thump the endoplasm!
You kill the endoplasm!
You closely miss the wyvern. The wyvern bites you.
* * * LOW HITPOINT WARNING * * *
The wyvern closely misses you.
You thump the wyvern!
The wyvern is heavily wounded.
An ogre comes into view. It is wielding a +0 giant spiked club.
The wyvern closely misses you.
The ogre shouts!
You hit the wyvern.
The wyvern is severely wounded.
The wyvern bites you but does no damage.
The wyvern bites you!
* * * LOW HITPOINT WARNING * * *
You hit the wyvern.
The wyvern is severely wounded.
The wyvern barely misses you.
You sock the wyvern!
You kill the wyvern!
You barely miss the orc. The orc completely misses you.
Unknown command.
You closely miss the ogre. The ogre barely misses you. The orc misses you.
You barely miss the ogre. The orc hits you with a +0 club.
* * * LOW HITPOINT WARNING * * *
The ogre closely misses you.
You sock the ogre!
The ogre is moderately wounded.
The orc hits you but does no damage.
The ogre hits you with a +0 giant spiked club!!
You die...

#.###..###.####.# #.# #.
######## #......# #.# #.
...# #.###### #.# #. #..#
#.#########.########.
#..#
#...........##.......
#..######..........#####.
#..### #.####..########.
#[.Z###O# #...........
#..#ggo@.# ####.#######
#..######## #.#######
#..# #........ #..#
######### ...# ###


You could see an ogre, an orc, a hobgoblin, a goblin and a hound skeleton.

Vanquished Creatures
  A wyvern (D:4)
  A necrophage (D:4)
  2 scorpions
  A hound (D:4)
  2 adders (D:3)
  An adder skeleton (D:4)
  2 worms
  5 dart slugs
  4 orcs
  2 bats
  10 endoplasms
  4 giant cockroaches
  6 goblins
  10 hobgoblins
  12 kobolds
  2 quokkas
  8 ball pythons
  7 frilled lizards
  3 rats
83 creatures vanquished.

Vanquished Creatures (others)
  6 plants (D:3)
6 creatures vanquished.

Grand Total: 89 creatures vanquished

Notes
Turn   | Place    | Note
-------+----------+-------------------------------------------
     0 | D:1      | pkoi the Demigod Gladiator began the quest for the Orb.
     0 | D:1      | Reached XP level 1. HP: 17/17 MP: 3/3
   100 | D:1      | Reached skill level 3 in Staves
   500 | D:1      | Reached XP level 2. HP: 20/24 MP: 4/4
  1273 | D:2      | Reached XP level 3. HP: 22/29 MP: 5/5
  1278 | D:2      | Reached skill level 4 in Staves
  1486 | D:2      | Noticed a scorpion
  1491 | D:2      | Killed a scorpion
  1492 | D:2      | Reached XP level 4. HP: 36/36 MP: 6/6
  1895 | D:3      | Reached skill level 5 in Staves
  2233 | D:3      | Found a transporter.
  2689 | D:3      | Found a transporter.
  2703 | D:3      | Noticed Rudyous's ghost (amateur DrCK)
  2722 | D:3      | Identified the +9 halberd of Qudwus {venom, *Noise rElec
                  | rPois SInv}
  2788 | D:3      | Found Ruemeok's Weapon Emporium.
  3683 | D:4      | Reached XP level 5. HP: 36/41 MP: 7/7
  4160 | D:4      | Identified the +1 robe "Honumu" {Str+3}
  4459 | D:4      | Noticed a necrophage
  4472 | D:4      | Killed a necrophage
  4473 | D:4      | Reached skill level 6 in Staves
  4473 | D:4      | Reached skill level 1 in Armour
  4473 | D:4      | Reached XP level 6. HP: 34/48 MP: 8/8
  4752 | D:4      | Noticed a wyvern
  4777 | D:4      | Killed a wyvern
  4781 | D:4      | Slain by an ogre

Illustrated notes

Levels and vault maps discovered:
D:1:      matt_arrival_diagonals, layout_basic, basic_ecumenical_altar,
          skrybe_limestone_x, grunt_decor_one_mirror, minmay_misc_feat_ornament
D:2:      layout_rooms, basic_altar
D:3:      minmay_inner_zag, layout_basic, jmf_multi_god_temple, serial_shops,
          nicolae_diamond_shop, gammafunk_ghost_gnarly_gnolls,
          wander_ebering_terrifying_dragon_lair
D:4:      minmay_diamond_boxcup, layout_loops_ring

Skill      XL: |  1  2  3  4  5 |
---------------+----------------+-----
Staves         | 3 4 5 6 |  6.6
Fighting       | 2 |  2.9
Armour         | 1 |  1.0
Dodging        | 3 |  3.0
Throwing       | |  1.7

Action                   |  1- 3 |  4- 6 || total
-------------------------+-------+-------++-------
Melee: Quarterstaff      |   109 |   176 ||   285
  Use: Potion            |       |     2 ||     2
Armor: Leather armour    |    29 |       ||    29
       Plate armour      |    10 |    85 ||    95
       Robe              |       |     6 ||     6
Dodge: Dodged            |    85 |    65 ||   150
